 Dungeon Crawl Stone Soup version 0.21.1-72-gffa868e (webtiles) character file.

67 Doobh the Sneak (level 4, 0/27 HPs)
             Began as a Kobold Assassin on Aug 5, 2018.
             Slain by an adder (2 damage)
             ... on level 1 of the Dungeon.
             The game lasted 00:06:22 (1059 turns).

Doobh the Sneak (Kobold Assassin)                   Turns: 1059, Time: 00:06:23

Health: 0/27       AC:  3    Str: 13    XL:     4   Next: 40%
Magic:  4/4        EV: 20    Int: 12    God:
Gold:   87         SH:  0    Dex: 22    Spells: 3/3 levels left

rFire    . . .     SeeInvis .   a - +2 dagger
rCold    . . .     Gourm    .   (shield restricted)
rNeg     . . .     Faith    .   c - +0 robe
rPois    .         Spirit   .   (no helmet)
rElec    .         Reflect  .   d - +0 cloak
rCorr    .         Harm     .   (no gloves)
MR       .....                  (no boots)
Stlth    +++++.....             (no amulet)
HPRegen  0.09/turn              (no ring)
MPRegen  0.09/turn              (no ring)

@: mighty, agile, lethally poisoned (0 -> -3)
A: small, carnivore
a: no special abilities


You were on level 1 of the Dungeon.
You were completely stuffed.

You visited 1 branch of the dungeon, and saw 4 of its levels.

You collected 87 gold pieces.

Inventory:

Hand Weapons
 a - a +2 dagger (weapon)
 b - a +0 blowgun
Missiles
 e - 8 poisoned needles
 f - 2 curare-tipped needles
 m - 24 bolts
Armour
 c - a +0 robe (worn)
 d - a +0 cloak (worn)
Scrolls
 h - a scroll of remove curse
 k - 2 scrolls of identify {unknown}
 l - a scroll of enchant armour {unknown}
 o - 3 scrolls of fear {unknown}
 q - 2 scrolls of teleportation {unknown}
Potions
 j - a potion of might
Comestibles
 g - 2 rations


   Skills:
 + Level 2.6 Fighting
 + Level 3.0 Short Blades
 + Level 2.8 Throwing
 + Level 1.7 Dodging
 + Level 6.7 Stealth


You had 3 spell levels left.
You didn't know any spells.

Dungeon Overview and Level Annotations

Branches:
Dungeon (4/15)
 Temple: D:4-7

Altars:
Ashenzari


Innate Abilities, Weirdness & Mutations

You are small and have problems with some larger weapons.
You are carnivorous and can eat meat at any time.


Message History

There is a stone staircase leading down here.
The adder bites you.
* * * LOW HITPOINT WARNING * * *
* * * LOW HITPOINT WARNING * * *
You feel sick. The adder bites you but does no damage.
It was a potion of might.
You feel very mighty all of a sudden. The adder bites you but does no damage.
It was a potion of agility.
You feel agile all of a sudden.
* * * LOW HITPOINT WARNING * * *
You feel sick. The adder completely misses you.
As you read the scroll labeled INNOIM OLAMU, it crumbles to dust.
You feel blessed for a moment.
It was a scroll of remove curse.
The adder barely misses you.
As you read the scroll labeled GULEGA ECHEHAU, it crumbles to dust.
You hear a loud clanging noise!
It was a scroll of noise.
The adder closely misses you. The adder bites you.
You die...

#.# #...#.###..#........ #.#
#...#.##...#........ #.#
#...#[##...#.####### #.#
#...#.##...#.##..... #.#
###...#.##...#.##.####
###'####.....+...............
#..(.....#...#.##.....#..#.##
#........#...#.##.....#..#...
#....(..>..S@................
#.......######.#####..#..##..
#.......######.########..##.#
#..[..........)......##..##.#
######.####...#..≈##..#.....#
#.# #......≈≈≈##....)... #.#
#.....≈≈≈≈###......# #.#
#.#.....≈≈≈#######.. #.#
#.#..#...≈≈### ##.


You could see an adder.

Vanquished Creatures
  3 adders
  3 dart slugs (D:1)
  A leopard gecko (D:1)
  2 giant cockroaches
  4 goblins
  6 hobgoblins
  5 bats (D:1)
  A frilled lizard (D:1)
  4 kobolds
  5 rats (D:1)
34 creatures vanquished.

Notes
Turn   | Place    | Note
-------+----------+-------------------------------------------
     0 | D:1      | Doobh the Kobold Assassin began the quest for the Orb.
     0 | D:1      | Reached XP level 1. HP: 12/12 MP: 1/1
   143 | D:1      | Reached XP level 2. HP: 13/17 MP: 2/2
   256 | D:1      | Reached skill level 6 in Stealth
   359 | D:1      | Reached XP level 3. HP: 22/22 MP: 3/3
   591 | D:2      | You fall through a shaft for 2 floors!
   796 | D:2      | Reached XP level 4. HP: 27/27 MP: 4/4
  1024 | D:2      | Found a shattered altar of Ashenzari.
  1059 | D:1      | Slain by an adder

Skill      XL: |  1  2  3 |
---------------+----------+-----
Stealth        | 6 |  6.7
Short Blades   | 3 |  3.0
Fighting       | |  2.6
Throwing       | |  2.8
Dodging        | |  1.7

Action                   |  1- 3 |  4- 6 || total
-------------------------+-------+-------++-------
Melee: Dagger            |    68 |    38 ||   106
 Fire: Blowgun           |     7 |       ||     7
  Use: Scroll            |       |     2 ||     2
       Potion            |       |     2 ||     2
 Stab: Sleeping          |     8 |     1 ||     9
       Distracted        |     1 |       ||     1
  Eat: Chunk             |     8 |     1 ||     9
Armor: Robe              |    12 |     8 ||    20
Dodge: Dodged            |    51 |    24 ||    75
